MLB
SEATTLE MARINERS @ HOUSTON ASTROS
09/28/2108
 
TOP OF THE 1ST
Seattle Mariners batting - Pitching for Houston Astros : LHP Nick Avery
Pitching: LHP Nick Avery
Batting: RHB Joe Figuera 0-0: Called Strike
0-1: Foul Ball, location: 5F
0-2: Fly out, F9 (Flyball, 9, EV 85.6 MPH)
Batting: LHB Billy Barnhart 0-0: Ball
1-0: Ball
2-0: Swinging Strike
2-1: Ball
3-1: Base on Balls
Batting: RHB Todd Frank 0-0: Called Strike
0-1: Ball
1-1: Foul Ball, location: 2RF
1-2: Strikes out looking
Batting: LHB Cliff Leonelli 0-0: Called Strike
0-1: Swinging Strike
0-2: Strikes out looking
Top of the 1st over - 0 runs, 0 hits, 0 errors, 1 left on base; Seattle 0 - Houston 0
BOTTOM OF THE 1ST
Houston Astros batting - Pitching for Seattle Mariners : RHP Juan Melendez
Pitching: RHP Juan Melendez
Batting: RHB Mike Darling 0-0: Ball
1-0: SINGLE (Groundball, 34D, EV 103.1 MPH)
Batting: RHB Ruben Salas 0-0: Called Strike
0-1: Ball
1-1: Ball
2-1: Ball
3-1: Fielders Choice at 2nd, 5-4 (Groundball, 56, EV 101.3 MPH)
Batting: RHB Willie Valiente 0-0: Called Strike
0-1: Foul Ball, location: 9LDF
0-2: Strikes out swinging
Batting: RHB Hideyuki Takahashi 0-0: Called Strike
0-1: Swinging Strike
0-2: Ball
1-2: Ball
2-2: Foul Ball, location: 25F
2-2: Strikes out swinging
Bottom of the 1st over - 0 runs, 1 hit, 0 errors, 1 left on base; Seattle 0 - Houston 0
TOP OF THE 2ND
Seattle Mariners batting - Pitching for Houston Astros : LHP Nick Avery
Batting: RHB Evan Hendry 0-0: Called Strike
0-1: Ball
1-1: Ball
2-1: Called Strike
2-2: Foul Ball, location: 5F
2-2: Ball
3-2: Ground out 5-3 (Groundball, 56S, EV 82.5 MPH)
Batting: LHB Victor Palacios 0-0: Called Strike
0-1: Ball
1-1: Foul Ball, location: 9LSF
1-2: Foul Ball, location: 3FF
1-2: Strikes out looking
Batting: RHB Shane Light 0-0: Foul Ball, location: 9LSF
0-1: Ball
1-1: Ball
2-1: Fly out, F8 (Flyball, 8RD, EV 76.3 MPH)
Top of the 2nd over - 0 runs, 0 hits, 0 errors, 0 left on base; Seattle 0 - Houston 0
BOTTOM OF THE 2ND
Houston Astros batting - Pitching for Seattle Mariners : RHP Juan Melendez
Batting: LHB Travis Gibb 0-0: Ball
1-0: Called Strike
1-1: Fly out, F7 (Flyball, 78D, EV 107.5 MPH)
Batting: LHB Paul Bown 0-0: Called Strike
0-1: Ball
1-1: Ball
2-1: Ball
3-1: Foul Ball, location: 2F
3-2: Base on Balls
Batting: RHB Jason Currie 0-0: Ball
1-0: Fly out, F9 (Line Drive, 9, EV 91.3 MPH)
Batting: RHB Zack Atwood 0-0: Foul Ball, location: 2F
0-1: Ball
1-1: Ball
2-1: Ball
3-1: Fly out, F9 (Flyball, 9, EV 74.4 MPH)
Bottom of the 2nd over - 0 runs, 0 hits, 0 errors, 1 left on base; Seattle 0 - Houston 0
TOP OF THE 3RD
Seattle Mariners batting - Pitching for Houston Astros : LHP Nick Avery
Batting: RHB Matt Sparkman 0-0: Called Strike
0-1: Swinging Strike
0-2: Foul Ball, location: 9LMF
0-2: Strikes out swinging
Batting: SHB Brian Salvatierra 0-0: Ball
1-0: Ball
2-0: Ball
3-0: Called Strike
3-1: Foul Ball, location: 2F
3-2: Foul Ball, location: 2F
3-2: Foul Ball, location: 25F
3-2: Foul Ball, location: 9LMF
3-2: Ground out 6-3 (Groundball, 6, EV 86.9 MPH)
Batting: RHB Joe Figuera 0-0: Ball
1-0: Ball
2-0: Called Strike
2-1: Foul Ball, location: 9LSF
2-2: Foul Ball, location: 7LSF
2-2: SINGLE (Groundball, 34D, EV 101.3 MPH)
Batting: LHB Billy Barnhart 0-0: Ball
1-0: Called Strike
1-1: Swinging Strike
1-2: Ball
2-2: Fly out, F5 (Popup, 5SF, EV 85.0 MPH)
Top of the 3rd over - 0 runs, 1 hit, 0 errors, 1 left on base; Seattle 0 - Houston 0
BOTTOM OF THE 3RD
Houston Astros batting - Pitching for Seattle Mariners : RHP Juan Melendez
Batting: RHB Julian Rodriquez 0-0: Ball
1-0: Called Strike
1-1: Swinging Strike
1-2: Ball
2-2: SINGLE (Groundball, 34D, EV 100.6 MPH)
Batting: RHB Mike Darling 0-0: Foul Ball, location: 9LMF
0-1: Called Strike
0-2: Ball
1-2: Ball
2-2: Strikes out swinging
Batting: RHB Ruben Salas 0-0: Called Strike
0-1: Called Strike
0-2: Fly out, F3 (Popup, 34S, EV 80.0 MPH)
Batting: RHB Willie Valiente 0-0: Called Strike
0-1: Called Strike
0-2: Ball
1-2: Strikes out swinging
Bottom of the 3rd over - 0 runs, 1 hit, 0 errors, 1 left on base; Seattle 0 - Houston 0
TOP OF THE 4TH
Seattle Mariners batting - Pitching for Houston Astros : LHP Nick Avery
Batting: RHB Todd Frank 0-0: Ball
1-0: Called Strike
1-1: Fly out, F8 (Flyball, 8RD, EV 93.8 MPH)
Batting: LHB Cliff Leonelli 0-0: Foul Ball, location: 7LDF
0-1: Ball
1-1: Ball
2-1: Fly out, F5 (Line Drive, 5, EV 67.5 MPH)
Batting: RHB Evan Hendry 0-0: Ball
1-0: Fly out, F7 (Flyball, 7LS, EV 91.9 MPH)
Top of the 4th over - 0 runs, 0 hits, 0 errors, 0 left on base; Seattle 0 - Houston 0
BOTTOM OF THE 4TH
Houston Astros batting - Pitching for Seattle Mariners : RHP Juan Melendez
Batting: RHB Hideyuki Takahashi 0-0: Called Strike
0-1: Foul Ball, location: 9LMF
0-2: Ball
1-2: Ball
2-2: Fly out, F8 (Line Drive, 8RD, EV 93.8 MPH)
Batting: LHB Travis Gibb 0-0: Called Strike
0-1: Ball
1-1: Foul Ball, location: 3DF
1-2: Ball
2-2: Foul Ball, location: 23FF
2-2: Foul Ball, location: 7LSF
2-2: Ground out 1-3 (Groundball, P, EV 70.0 MPH)
Batting: LHB Paul Bown 0-0: Ball
1-0: Ball
2-0: Called Strike
2-1: Foul Ball, location: 7LSF
2-2: Strikes out looking
Bottom of the 4th over - 0 runs, 0 hits, 0 errors, 0 left on base; Seattle 0 - Houston 0
TOP OF THE 5TH
Seattle Mariners batting - Pitching for Houston Astros : LHP Nick Avery
Batting: LHB Victor Palacios 0-0: Ball
1-0: SINGLE (Line Drive, 34D, EV 96.9 MPH)
Batting: RHB Shane Light 0-0: Ball
1-0: Called Strike
1-1: Foul Ball, location: 3DF
1-2: Ball
2-2: Ball
3-2: Single, Error in OF, E9, batter to second base (Line Drive, 89S, EV 93.8 MPH)
Victor Palacios to third
Batting: RHB Matt Sparkman 0-0: Ball
1-0: Ball
2-0: Ground out 4-3 (Groundball, 4, EV 88.8 MPH)
Batting: SHB Brian Salvatierra 0-0: Ball
1-0: Ball
2-0: Ball
3-0: Base on Balls
Batting: RHB Joe Figuera 0-0: Swinging Strike
0-1: Swinging Strike
0-2: Strikes out swinging
Batting: LHB Billy Barnhart 0-0: Fly out, F8 (Flyball, 8LD, EV 91.9 MPH)
Top of the 5th over - 0 runs, 2 hits, 1 error, 3 left on base; Seattle 0 - Houston 0
BOTTOM OF THE 5TH
Houston Astros batting - Pitching for Seattle Mariners : RHP Juan Melendez
Batting: RHB Jason Currie 0-0: Ball
1-0: Ball
2-0: Called Strike
2-1: Ball
3-1: Foul Ball, location: 25F
3-2: Fly out, F9 (Line Drive, 34D, EV 68.8 MPH)
Batting: RHB Zack Atwood 0-0: Ball
1-0: Foul Ball, location: 2F
1-1: Foul Ball, location: 7LMF
1-2: Ball
2-2: SINGLE (Groundball, 4MD, EV 108.1 MPH)
Batting: RHB Julian Rodriquez 0-0: Called Strike
0-1: Foul Ball, location: 2F
0-2: Foul Ball, location: 3SF
0-2: Foul Ball, location: 3F
0-2: Grounds into double play, 4-6-3 (Groundball, 4, EV 75.6 MPH)
Bottom of the 5th over - 0 runs, 1 hit, 0 errors, 0 left on base; Seattle 0 - Houston 0
TOP OF THE 6TH
Seattle Mariners batting - Pitching for Houston Astros : LHP Nick Avery
Batting: RHB Todd Frank 0-0: Ball
1-0: Called Strike
1-1: Ball
2-1: Ball
3-1: Base on Balls
Batting: LHB Cliff Leonelli 0-0: DOUBLE (Line Drive, 7LM, EV 103.1 MPH)
Todd Frank to third
Batting: RHB Evan Hendry 0-0: Intentional Walk
Batting: LHB Victor Palacios 0-0: Swinging Strike
0-1: SINGLE (Groundball, 4D, EV 100.6 MPH)
Todd Frank scores
Cliff Leonelli to third
Evan Hendry to second
Runner from 3rd tries for Home, SAFE, throw by CF to home
Batting: RHB Shane Light 0-0: Swinging Strike
0-1: Called Strike
0-2: Ball
1-2: Ball
2-2: Fly out, F7 (Flyball, 7D, EV 93.8 MPH)
Runner from 2nd tags up, OUT at 3rd! 7-5
Batting: RHB Matt Sparkman 0-0: Fly out, F8 (Flyball, 8RD, EV 83.8 MPH)
Top of the 6th over - 2 runs, 2 hits, 0 errors, 1 left on base; Seattle 2 - Houston 0
BOTTOM OF THE 6TH
Houston Astros batting - Pitching for Seattle Mariners : RHP Juan Melendez
Batting: RHB Mike Darling 0-0: Swinging Strike
0-1: Called Strike
0-2: Ball
1-2: SINGLE (Line Drive, 4MD, EV 104.4 MPH)
Batting: RHB Ruben Salas 0-0: Called Strike
0-1: Foul Ball, location: 3DF
0-2: Strikes out looking
Pitching: RHP Jimmy Cox
Batting: RHB Willie Valiente 0-0: Ball
1-0: Called Strike
1-1: Foul Ball, location: 2F
1-2: Ball
2-2: Ball
3-2: Base on Balls
Mike Darling to second
Batting: RHB Hideyuki Takahashi 0-0: Ball
1-0: Fly out, F5 (Popup, 56S, EV 75.6 MPH)
Batting: LHB Travis Gibb 0-0: Ball
1-0: Ball
2-0: Foul Ball, location: 7LDF
2-1: Foul Ball, location: 23FF
2-2: Foul Ball, location: 3FF
2-2: Fly out, F9 (Flyball, 9D, EV 92.5 MPH)
Bottom of the 6th over - 0 runs, 1 hit, 0 errors, 2 left on base; Seattle 2 - Houston 0
TOP OF THE 7TH
Seattle Mariners batting - Pitching for Houston Astros : LHP Nick Avery
Batting: SHB Brian Salvatierra 0-0: Ball
1-0: Ball
2-0: Called Strike
2-1: Foul Ball, location: 25F
2-2: Strikes out swinging
Batting: RHB Joe Figuera 0-0: Ball
1-0: Fly out, F4 (Popup, 4, EV 75.0 MPH)
Batting: LHB Billy Barnhart 0-0: Called Strike
0-1: Fly out, F4 (Line Drive, 4, EV 96.9 MPH)
Top of the 7th over - 0 runs, 0 hits, 0 errors, 0 left on base; Seattle 2 - Houston 0
BOTTOM OF THE 7TH
Houston Astros batting - Pitching for Seattle Mariners : RHP Jimmy Cox
Batting: LHB Paul Bown 0-0: Fly out, F6 (Line Drive, 56, EV 69.4 MPH)
Batting: RHB Jason Currie 0-0: Called Strike
0-1: SINGLE (Groundball, 4D, EV 93.8 MPH)
Batting: RHB Zack Atwood 0-0: Foul Ball, location: 9LSF
0-1: Foul Ball, location: 2F
0-2: Foul Ball, location: 25F
0-2: Ball
1-2: Fly out, F9 (Flyball, 89S, EV 83.1 MPH)
Batting: RHB Julian Rodriquez 0-0: Called Strike
0-1: Fly out, F9 (Flyball, 89S, EV 96.3 MPH)
Bottom of the 7th over - 0 runs, 1 hit, 0 errors, 1 left on base; Seattle 2 - Houston 0
TOP OF THE 8TH
Seattle Mariners batting - Pitching for Houston Astros : LHP Nick Avery
Pitching: RHP Miguel Samaniego
Batting: RHB Todd Frank 0-0: Called Strike
0-1: Ball
1-1: Ball
2-1: Swinging Strike
2-2: Foul Ball, location: 9LMFF
2-2: Fly out, F6 (Popup, 6MS, EV 66.3 MPH)
Batting: LHB Cliff Leonelli 0-0: Called Strike
0-1: SINGLE (Groundball, 6MD, EV 98.8 MPH)
Batting: RHB Evan Hendry 0-0: Ball
1-0: Fly out, F8 (Flyball, 8RD, EV 91.9 MPH)
Batting: LHB Victor Palacios 0-0: Ball
1-0: Foul Ball, location: 23F
1-1: Ball
2-1: Fly out, F7 (Flyball, 7LMF, EV 93.8 MPH)
Top of the 8th over - 0 runs, 1 hit, 0 errors, 1 left on base; Seattle 2 - Houston 0
BOTTOM OF THE 8TH
Houston Astros batting - Pitching for Seattle Mariners : RHP Jimmy Cox
Now in LF: Cliff Leonelli
Now in CF: Jonathan Leach
Batting: RHB Mike Darling 0-0: Fly out, F7 (Flyball, 7, EV 91.3 MPH)
Pinch Hitting: LHB LĂ­lian Andersen 0-0: Called Strike
0-1: Ground out 1-3 (Groundball, 13S, EV 71.9 MPH)
Batting: RHB Willie Valiente 0-0: Called Strike
0-1: Called Strike
0-2: Foul Ball, location: 2F
0-2: Strikes out looking
Bottom of the 8th over - 0 runs, 0 hits, 0 errors, 0 left on base; Seattle 2 - Houston 0
TOP OF THE 9TH
Seattle Mariners batting - Pitching for Houston Astros : RHP Miguel Samaniego
Now at 2B: Kyle Young
Batting: RHB Shane Light 0-0: Called Strike
0-1: Called Strike
0-2: Strikes out swinging
Batting: RHB Matt Sparkman 0-0: Fly out, F8 (Flyball, 8LXD, EV 108.8 MPH)
Batting: SHB Brian Salvatierra 0-0: Ball
1-0: Foul Ball, location: 7LDF
1-1: Foul Ball, location: 5SF
1-2: Ball
2-2: Strikes out swinging
Top of the 9th over - 0 runs, 0 hits, 0 errors, 0 left on base; Seattle 2 - Houston 0
BOTTOM OF THE 9TH
Houston Astros batting - Pitching for Seattle Mariners : RHP Jimmy Cox
Pitching: RHP Mike Clark
Batting: RHB Hideyuki Takahashi 0-0: Called Strike
0-1: Ball
1-1: SINGLE (Line Drive, 4D, EV 103.8 MPH)
Batting: LHB Travis Gibb 0-0: Swinging Strike
0-1: Fly out, F8 (Flyball, 8RM, EV 87.5 MPH)
Batting: LHB Paul Bown 0-0: Called Strike
0-1: Swinging Strike
0-2: Strikes out looking
Batting: RHB Jason Currie 0-0: SINGLE (Groundball, 13, EV 64.4 MPH) (infield hit)
Hideyuki Takahashi to second
Batting: RHB Zack Atwood 0-0: Called Strike
0-1: Ball
1-1: Swinging Strike
1-2: Strikes out swinging
Bottom of the 9th over - 0 runs, 2 hits, 0 errors, 2 left on base; Seattle 2 - Houston 0
Monday, March 31st , 2025 - OOTP Baseball 25.11 Build 104